 Dungeon Crawl Stone Soup version 0.27-a0-13-g87abb2d9eb (webtiles) character file.

Game seed: 4427822350837540105

47075 tsouns the Slicer (level 14, -8/90 HPs)
             Began as a Kobold Enchanter on Jan 2, 2021.
             Was the Champion of Dithmenos.
             Mangled by a spriggan rider
             ... wielding a +0 spear
              (20 damage)
             ... on level 6 of the Lair of Beasts.
             The game lasted 01:18:20 (24809 turns).

tsouns the Slicer (Kobold Enchanter)               Turns: 24809, Time: 01:18:21

Health: -8/90      AC:  7    Str:  6    XL:     14   Next: 79%
Magic:  2/27       EV: 19    Int: 35    God:    Dithmenos [******]
Gold:   2430       SH:  6    Dex: 15    Spells: 1/31 levels left

rFire    . . .     SeeInvis +   t - +5 rapier (speed)
rCold    . . .     Faith    .   E - +0 buckler
rNeg     . . .     Spirit   .   e - +2 robe {Will+}
rPois    .         Reflect  .   K - +1 helmet {SInv}
rElec    .         Harm     .   x - scarf {+Inv}
rCorr    .         Rampage  .   B - +0 pair of gloves "Rugunaat" {+Fly Int+2}
Will     ++...                  (no boots) Stlth *+++++++++
                                (no amulet)
HPRegen  0.25/turn              Q - +6 ring of intelligence
MPRegen  0.20/turn              H - +6 ring of intelligence

@: confusing touch, wreathed by umbra, studying Fire Magic
A: small, nightstalker 3
a: Renounce Religion, Evoke Invisibility, Evoke Flight, Shadow Step, Shadow Form


You were on level 6 of the Lair of Beasts.
You worshipped Dithmenos.
Dithmenos was exalted by your worship.
You visited 3 branches of the dungeon, and saw 15 of its levels.
You also visited: Sewer, Ossuary, Bailey and Gauntlet.

You collected 2430 gold pieces.

Inventory:

Hand Weapons
 a - a +3 dagger
 t - a +5 rapier of speed (weapon)
Missiles
 b - 5 curare-tipped darts
 j - 11 bolts
 n - 33 boomerangs
 p - 8 throwing nets
 v - 4 poisoned darts (quivered)
Armour
 e - a +2 robe of willpower (worn)
 x - a scarf of invisibility (worn)
 B - the +0 pair of gloves "Rugunaat" (worn) {+Fly Int+2}
   (You found it on level 7 of the Dungeon)

   It affects your intelligence (+2).
   It lets you fly.
 E - a +0 buckler (worn)
 K - a +1 helmet of see invisible (worn)
 N - a +2 cloak
Jewellery
 g - an uncursed ring of positive energy
 r - an uncursed ring of fire
 w - the ring "Utor" {rElec rC+ AC-4}
   (You took it off an orc warrior in a bailey)

   [ring of protection]

   It affects your AC (-4).
   It protects you from cold.
   It insulates you from electricity.
 H - a +6 ring of intelligence (right hand)
 Q - a +6 ring of intelligence (left hand)
Wands
 k - a wand of iceblast (15)
 y - a wand of disintegration (4)
 C - a wand of flame (14)
 F - a wand of acid (6)
 J - a wand of random effects (59)
 L - a wand of paralysis (20)
Scrolls
 d - 3 scrolls of remove curse
 f - 10 scrolls of teleportation
 l - a scroll of magic mapping
 q - 2 scrolls of enchant armour
 D - 6 scrolls of identify
 G - 5 scrolls of amnesia
 I - a scroll of brand weapon
 M - a scroll of fear
Potions
 c - 6 potions of brilliance
 h - 2 potions of resistance
 i - 3 potions of attraction
 m - 4 potions of might
 o - 2 potions of cancellation
 z - 3 potions of curing
 A - 6 potions of flight
 P - 4 potions of ambrosia
Books
 s - a manual of Fire Magic
Miscellaneous
 u - a lightning rod (1/4)
 O - a phantom mirror


   Skills:
 - Level 11.1 Fighting
 - Level 14.0 Short Blades
 - Level 7.3 Dodging
 - Level 13.9 Stealth
 - Level 5.6 Shields
 - Level 9.0 Spellcasting
 - Level 3.5 Conjurations
 - Level 10.3 Hexes
 - Level 2.2 Ice Magic
 + Level 5.7 Invocations
 * Level 2.3 Evocations


You had one spell level left.
You knew the following spells:

 Your Spells              Type           Power        Failure   Level
a - Corona                Hex            81%          1%          1
b - Ensorcelled Hibernat  Hex/Ice        100%         1%          2
c - Confusing Touch       Hex            73%          1%          3
d - Tukima's Dance        Hex            73%          1%          3
e - Dazzling Flash        Conj/Hex       100%         1%          3
f - Yara's Violent Unrav  Hex/Tmut       25%          9%          5
g - Discord               Hex            36%          95%         8
h - Silence               Hex/Air        25%          9%          5

Your spell library contained the following spells:

 Spells                   Type           Power        Failure   Level
 Sandblast                Erth           30%          2%          1
 Cause Fear               Hex            36%          1%          4
 Passwall                 Tmut/Erth      12%          4%          2
 Stone Arrow              Conj/Erth      56%          4%          3
 Petrify                  Tmut/Erth      15%          26%         4
 Lee's Rapid Deconstruct  Erth           7%           58%         5


Dungeon Overview and Level Annotations

Branches:
Dungeon (8/15)             Temple (1/1) D:4            Lair (6/6) D:8
  Swamp (0/4) Lair:2        Snake (0/4) Lair:3        Slime (0/5) Lair:6
  Sewer (visited)         Ossuary (visited)          Bailey (visited)
Gauntlet (visited)

Altars:
Ashenzari
Cheibriados
Dithmenos
Elyvilon
Fedhas
Gozag
Hepliaklqana
Kikubaaqudgha
Makhleb
Nemelex Xobeh
Okawaru
Qazlal
Ru
Sif Muna
Trog
Uskayaw
Vehumet
Wu Jian
Xom
Yredelemnul
Zin
The Shining One
Jiyva

Annotations:
Lair:1 2 transporters, Quklius's ghost, journeyman MiBe
Lair:6 Kirke


Innate Abilities, Weirdness & Mutations

You are small and have problems with some larger weapons.
You are completely attuned to the shadows.


Message History

Aim: a spriggan rider, wielding a +0 spear and wearing a +2 plate armour of willpower (chance to confuse on hit: 1%, umbra, chance to affect: 0%)
The spriggan rider resists with almost no effort.
Your shadow mimicks your spell!
The spriggan rider resists with almost no effort.
You feel sick.
The spriggan rider hits you from afar with a +0 spear!!
* * * LOW HITPOINT WARNING * * *
You emit a cloud of dark smoke.
Casting: Ensorcelled Hibernation (safe; 1% risk of failure)
Confirm with . or Enter, or press ? or * to list all spells.
Aiming: Ensorcelled Hibernation (safe; 1% risk of failure)
Press: ? - help, Shift-Dir - straight line, f/p - spriggan rider
Aim: a spriggan rider, wielding a +0 spear and wearing a +2 plate armour of willpower (black smoke, chance to confuse on hit: 1%, umbra, chance to affect: 0%)
The spriggan rider resists with almost no effort.
You feel sick.
The spriggan rider hits you from afar with a +0 spear!!
* * * LOW HITPOINT WARNING * * *
You feel better.
The spriggan rider hits you from afar with a +0 spear!!
You die...

...............P........# #...##.
........................########.
.........................######..
.................................
##+...#.....P##.##........(......
......#....#########P............
##..##......# #.............
#...###....## #### ##............
...####....# #.@# ##..... ...
...###.....# #§§# #...... ...
....##.....# ##i####..... ...
.#.##......# ###†##.#..... ...
##.###.....###.#..##...h.. ...
#...#.......#...'#)#...h.. ...
#P.#.##................... ..♣
........♣♣..........)..... ♣♣
.....♣♣♣♣♣♣♣.............


You could see a spriggan rider.

Vanquished Creatures
  Rupert (Lair:5)
  A minotaur (Gauntlet)
  3 hydras (Lair:2)
  A tengu warrior (Gauntlet)
  11 death yaks
  2 orc knights (Bailey)
  An ugly thing (Gauntlet)
  An oklob plant (Lair:5)
  6 elephants (Lair:4)
  4 black mambas
  9 cane toads
  2 rime drakes
  7 komodo dragons
  A tengu conjurer (Gauntlet)
  3 polar bears
  4 hornets
  5 blink frogs (Lair:5)
  4 dream sheep (Lair:6)
  5 spriggans (Lair:6)
  A centaur simulacrum (Gauntlet)
  24 yaks
  A wyvern (D:5)
  3 basilisks (Lair:5)
  2 swamp worms (Lair:2)
  3 nagas (Lair:3)
  2 wargs (D:8)
  A harpy simulacrum (Gauntlet)
  8 water moccasins
  5 black bears
  12 orc warriors
  Purgy (Sewer)
  3 sky beasts
  A phantom (D:7)
  3 ice beasts
  37 wolves
  3 boggarts (Lair:6)
  4 ogres
  2 centaurs
  2 big kobolds (D:7)
  An elf zombie (Ossuary)
  16 bullfrogs
  A wyvern skeleton (D:7)
  A scorpion (D:5)
  A water moccasin zombie (D:8)
  A water moccasin skeleton (D:5)
  3 wights (D:5)
  2 electric eels (Lair:1)
  A bullfrog zombie (D:5)
  A centaur zombie (D:8)
  A quasit (D:8)
  3 gnoll shamans (D:3)
  4 hounds
  A human zombie (Ossuary)
  10 orc priests
  9 orc wizards
  Jessica (D:3)
  5 jellies
  11 hell rats
  3 iguanas
  3 worker ants
  5 mummies
  A howler monkey skeleton (D:8)
  A worker ant zombie (D:5)
  51 gnolls
  7 adders
  A shadow imp (D:5)
  2 white imps
  16 oozes
  An adder skeleton (D:4)
  2 adder zombies
  A worm (D:6)
  4 dart slugs
  2 leopard geckos
  30 orcs
  6 giant cockroaches
  2 gnoll zombies (Ossuary)
  31 goblins
  22 hobgoblins
  31 jackals
  4 quokkas
  6 ball pythons
  6 bats
  9 frilled lizards
  3 hobgoblin zombies (Ossuary)
  A jackal skeleton (D:5)
  2 jackal zombies
  17 kobolds
  3 kobold zombies
  An orc zombie (D:5)
  9 rats
  A rat zombie (Ossuary)
  A butterfly (Lair:2)
547 creatures vanquished.

Vanquished Creatures (collateral kills)
  An orc warrior (Bailey)
  An orc (Bailey)
2 creatures vanquished.

Vanquished Creatures (others)
  A minotaur zombie (Gauntlet)
  3 dancing weapons
  40 fungi
  76 plants
120 creatures vanquished.

Grand Total: 669 creatures vanquished

Notes
Turn   | Place    | Note
-------+----------+-------------------------------------------
     0 | D:1      | tsouns the Kobold Enchanter began the quest for the Orb.
     0 | D:1      | Reached XP level 1. HP: 10/10 MP: 3/3
    62 | D:1      | Reached XP level 2. HP: 14/15 MP: 3/5
    65 | D:1      | Learned a level 2 spell: Ensorcelled Hibernation
   112 | D:1      | Reached skill level 2 in Short Blades
   280 | D:1      | Reached XP level 3. HP: 17/19 MP: 3/6
   709 | D:1      | Learned a level 3 spell: Confusing Touch
  1250 | D:2      | Reached XP level 4. HP: 24/24 MP: 5/8
  2142 | D:3      | Reached skill level 3 in Short Blades
  2161 | D:2      | Reached skill level 5 in Stealth
  2443 | D:3      | Reached XP level 5. HP: 28/28 MP: 9/9
  2888 | D:3      | Noticed a bullfrog
  2954 | D:2      | Killed a bullfrog
  2955 | D:2      | Reached XP level 6. HP: 17/32 MP: 2/11
  3030 | D:2      | Learned a level 3 spell: Tukima's Dance
  3106 | D:3      | Reached skill level 4 in Short Blades
  3228 | D:3      | Noticed Jessica
  3241 | D:3      | Killed Jessica
  3518 | D:3      | Reached XP level 7. HP: 32/36 MP: 7/12
  4013 | D:3      | Found a shimmering altar of Xom.
  4823 | D:3      | Reached skill level 1 in Ice Magic
  4845 | D:3      | Reached skill level 5 in Short Blades
  5795 | D:3      | Reached XP level 8. HP: 41/41 MP: 11/14
  5881 | D:3      | Reached skill level 5 in Hexes
  5886 | D:3      | Learned a level 3 spell: Dazzling Flash
  7295 | D:4      | Reached skill level 6 in Short Blades
  7300 | D:4      | Reached skill level 1 in Fighting
  7578 | D:4      | Found a staircase to the Ecumenical Temple.
  7585 | D:4      | Reached skill level 1 in Conjurations
  7589 | Temple   | Entered the Ecumenical Temple
  7845 | Temple   | Became a worshipper of Dithmenos the Shadowed
  7935 | D:4      | Reached skill level 5 in Spellcasting
  8290 | D:5      | Entered Level 5 of the Dungeon
  8298 | D:5      | Reached XP level 9. HP: 48/48 MP: 16/16
  8595 | D:5      | Found a sand-covered staircase.
  8632 | Ossuary  | Entered an ossuary
  8802 | Ossuary  | Reached * piety under Dithmenos
  9003 | D:5      | Reached skill level 7 in Short Blades
 10045 | D:6      | Identified a scroll of acquirement
 10045 | D:6      | Acquired a +5 rapier of speed
 10296 | D:6      | Found a glowing drain.
 10301 | D:6      | Reached ** piety under Dithmenos
 10309 | Sewer    | Entered a sewer
 10370 | Sewer    | Noticed Purgy
 10376 | Sewer    | Killed Purgy
 10377 | Sewer    | Reached XP level 10. HP: 56/56 MP: 19/19
 10746 | D:7      | Found a flagged portal.
 10770 | Bailey   | Entered a bailey
 10926 | Bailey   | Reached *** piety under Dithmenos
 10931 | Bailey   | HP: 2/56 [orc warrior/+0 hand axe (19)]
 11103 | Bailey   | Reached skill level 8 in Short Blades
 11103 | Bailey   | Reached skill level 1 in Invocations
 11727 | Bailey   | Noticed an orc knight
 11727 | Bailey   | Noticed an orc warlord
 11738 | Bailey   | Noticed an orc knight
 11989 | Bailey   | Killed an orc knight
 11990 | Bailey   | Reached skill level 10 in Stealth
 12012 | Bailey   | Reached skill level 5 in Fighting
 12072 | Bailey   | Killed an orc knight
 12236 | Bailey   | Identified the cursed ring "Utor" {rElec rC+ AC-4}
 12289 | Bailey   | Reached skill level 11 in Short Blades
 12289 | Bailey   | Reached XP level 11. HP: 68/68 MP: 21/21
 12327 | D:7      | Acquired 1055 gold pieces
 12447 | D:7      | Found a basalt altar of Yredelemnul.
 12447 | D:7      | Found a glowing golden altar of the Shining One.
 12480 | D:7      | Reached **** piety under Dithmenos
 12638 | D:7      | Found a hide-covered altar of Uskayaw.
 13093 | D:7      | Got a pair of dazzling gloves
 13099 | D:7      | Identified the +0 pair of gloves "Rugunaat" {+Fly Int+2}
                  | (You found it on level 7 of the Dungeon)
 13639 | D:7      | Got a sheer robe
 13650 | D:7      | Identified the +1 robe of Ecin {rF+ Int-3 SInv Stlth+} (You
                  | found it on level 7 of the Dungeon)
 13697 | D:8      | Found a staircase to the Lair.
 14049 | D:8      | Reached XP level 12. HP: 74/74 MP: 22/22
 14053 | D:8      | Reached skill level 1 in Shields
 14561 | D:8      | Found a shimmering blue altar of Sif Muna.
 14565 | D:8      | Found a glowing silver altar of Zin.
 14566 | D:8      | Found a shimmering altar of Xom.
 14567 | D:8      | Found a hazy altar of Hepliaklqana.
 14573 | D:8      | Found a faded altar of an unknown god.
 15041 | Lair:1   | Entered Level 1 of the Lair of Beasts
 15393 | Lair:1   | Found a transporter.
 15470 | Lair:1   | Found a transporter.
 16228 | Lair:1   | Noticed Quklius's ghost (journeyman MiBe)
 16312 | Lair:2   | Reached skill level 12 in Short Blades
 16555 | Lair:2   | Noticed a four-headed hydra
 16572 | Lair:2   | Killed a four-headed hydra
 16658 | Lair:2   | Noticed a five-headed hydra
 17110 | Lair:2   | Noticed a four-headed hydra
 17115 | Lair:2   | Killed a four-headed hydra
 17277 | Lair:2   | Reached ***** piety under Dithmenos
 17336 | Lair:2   | Found a staircase to the Swamp.
 17465 | Lair:2   | Killed a five-headed hydra
 17466 | Lair:2   | Reached XP level 13. HP: 18/80 MP: 17/25
 17913 | Lair:3   | Found the +5 robe of Misfortune {*Contam Harm *Corrode
                  | *Drain *Slow EV+5}
 17913 | Lair:3   | Got a polished kite shield
 17917 | Lair:3   | Identified the +2 kite shield "Dusyinwu" {Dex+2} (You found
                  | it on level 3 of the Lair of Beasts)
 18488 | Lair:3   | Found a staircase to the Snake Pit.
 18497 | Lair:3   | Reached skill level 5 in Shields
 20295 | Lair:5   | Found a gate leading to a gauntlet.
 20303 | Gauntlet | Entered a Gauntlet
 20303 | Gauntlet | Found a transporter.
 20306 | Gauntlet | Found a transporter.
 20341 | Gauntlet | Found a transporter.
 20354 | Gauntlet | Found a transporter.
 20372 | Gauntlet | Found a transporter.
 20382 | Gauntlet | Found a transporter.
 20392 | Gauntlet | Found a transporter.
 20410 | Gauntlet | Found a transporter.
 20429 | Gauntlet | Found a transporter.
 20442 | Gauntlet | Found a transporter.
 20545 | Gauntlet | Noticed a blizzard demon
 20650 | Gauntlet | Found a transporter.
 20650 | Gauntlet | Found a transporter.
 20655 | Gauntlet | Found a transporter.
 20660 | Gauntlet | Found a transporter.
 20680 | Gauntlet | Reached skill level 10 in Fighting
 20939 | Gauntlet | Got a wavering iron ring
 20941 | Gauntlet | Got a fine long sword
 20946 | Gauntlet | Identified the cursed +3 long sword of the Slicing Spider
                  | {flame, *Rage +Fly rF+ Stlth+} (You found it in a Gauntlet)
 20948 | Gauntlet | Identified the ring "Ratuvuit" {*Corrode rElec Will+ EV+4
                  | Slay+2} (You found it in a Gauntlet)
 20958 | Gauntlet | Noticed a minotaur
 20985 | Gauntlet | Killed a minotaur
 20986 | Gauntlet | Reached skill level 13 in Short Blades
 20991 | Gauntlet | Got a heavily runed plate armour
 21128 | Gauntlet | Identified the cursed +0 plate armour "Nacrev" {rF+} (You
                  | found it in a Gauntlet)
 21337 | Lair:5   | Noticed Rupert
 21346 | Lair:5   | Killed Rupert
 21347 | Lair:5   | Reached XP level 14. HP: 88/88 MP: 23/27
 23252 | Lair:5   | Reached skill level 10 in Hexes
 23398 | Lair:5   | Reached skill level 5 in Invocations
 23939 | Lair:6   | Entered Level 6 of the Lair of Beasts
 23967 | Lair:6   | Reached skill level 14 in Short Blades
 24095 | Lair:6   | Learned a level 5 spell: Yara's Violent Unravelling
 24104 | Lair:6   | Learned a level 8 spell: Discord
 24110 | Lair:6   | Learned a level 5 spell: Silence
 24192 | Lair:6   | Found a viscous altar of Jiyva.
 24192 | Lair:6   | Found a staircase to the Slime Pits.
 24406 | Lair:6   | Noticed Kirke
 24411 | Lair:6   | Reached ****** piety under Dithmenos
 24721 | Lair:6   | Reached skill level 1 in Evocations
 24808 | Lair:6   | HP: 1/90 [spriggan rider/+0 spear (22)]
 24809 | Lair:6   | Mangled by a spriggan rider

Illustrated notes

Levels and vault maps discovered:
D:1:      amcnicky_arrival_choice, layout_rooms
D:2:      minmay_chambers_of_ones, layout_basic
D:3:      lemuel_castle_with_subvaults [lemuel_castle_interior_carwin_3],
          layout_basic, serial_rivers, chequers_serial_rivers_large_b,
          chequers_serial_rivers_marsh, chequers_serial_rivers_large_a,
          chequers_serial_rivers_small_3, chequers_serial_rivers_small_a,
          chequers_serial_rivers_small_b, tgw_xom, uniq_jessica
D:4:      layout_loops_cross, minmay_temple_entry_slanted, minmay_manual_mail
D:5:      layout_loops_ring, nicolae_ossuary_entry_giza
D:6:      layout_cave_pools, portal_sewer_entry_e, kennysheep_nub
D:7:      layout_basic, chequers_temple_overflow_statue_of_worship,
          enter_bailey_5
D:8:      layout_basic, chequers_temple_overflow_minitemple,
          erik_lair_orcish_takeover
Temple:   regret_index_temple_generic_petals
Lair:1:   layout_gridlike, gammafunk_ghost_berserking_beasts, lemuel_fruit_tree,
          serial_bayou_shore_a, grunt_megastairs_5, infiniplex_staircase_pool
Lair:2:   layout_hall_layers, palyth_hydra_swamp_entry, grunt_megastairs_4,
          lemuel_fruit_fields
Lair:3:   layout_roguey, guppyfry_snake_entry_garden, grunt_megastairs_3,
          lemuel_fruit_fields
Lair:4:   layout_roguey
Lair:5:   lemuel_slime, layout_small_grid, gauntlet_entry_generic,
          wad_woods_river_01, uniq_rupert
Lair:6:   minmay_lair_end_enchanted_forest, layout_regular_city,
          dpeg_slime_entry_enclosed_altar, uniq_kirke

Skill      XL: |  1  2  3  4  5  6  7  8  9 10 11 12 13 14 |
---------------+-------------------------------------------+-----
Short Blades   | 2 3 4 5 6 7 11 12 13 14 | 14.0
Spellcasting   | 3 4 5 6 7 8 9 |  9.0
Stealth        | 5 6 7 8 9 10 11 12 13 | 13.9
Hexes          | 4 5 6 7 8 9 10 | 10.3
Ice Magic      | 1 2 |  2.2
Fighting       | 1 3 8 9 10 11 | 11.1
Conjurations   | 1 3 |  3.5
Invocations    | 2 3 5 |  5.7
Dodging        | 7 |  7.3
Shields        | 4 5 |  5.6
Evocations     | 2 |  2.3

Action                   |  1- 3 |  4- 6 |  7- 9 | 10-12 | 13-15 || total
-------------------------+-------+-------+-------+-------+-------++-------
Melee: Dagger            |    46 |   211 |   388 |       |       ||   645
       Rapier            |       |       |    34 |   410 |   568 ||  1012
 Cast: Corona            |     1 |     1 |     4 |     5 |       ||    11
       Ensorcelled Hiber |    11 |    41 |   131 |   104 |    82 ||   369
       Tukima's Dance    |       |       |     3 |    14 |     3 ||    20
       Confusing Touch   |       |       |     8 |     7 |    25 ||    40
       Dazzling Flash    |       |       |       |    11 |    29 ||    40
Evoke: Wand              |       |       |       |       |     8 ||     8
       Lightning rod     |       |       |       |       |     4 ||     4
  Use: Scroll            |       |     7 |    11 |    10 |    10 ||    38
       Potion            |       |       |     1 |     7 |     6 ||    14
 Stab: Sleeping          |    14 |    29 |   107 |   104 |    78 ||   332
       Distracted        |       |     1 |     2 |     3 |     2 ||     8
       Held in net/web   |       |       |     1 |       |       ||     1
       Confused          |       |       |     8 |     3 |    39 ||    50
       Invisible         |       |       |       |     8 |    17 ||    25
Armor: Robe              |     3 |       |    48 |    30 |    18 ||    99
       Leather armour    |     4 |    59 |    23 |       |       ||    86
Dodge: Dodged            |    27 |   149 |   255 |   274 |   217 ||   922
Block: Buckler           |       |       |       |    60 |   105 ||   165

Table legend: (Time is in decaauts)
 A = Elapsed time spent in this place.
 B = Non-inter-level travel time spent in this place.
 C = Inter-level travel time spent in this place.
 D = Time resting spent in this place.
 E = Time spent auto-exploring this place.
 F = Levels seen in this place.
 G = Mean time per level.
                   A        B        C        D        E       F      G
               +--------+--------+--------+--------+--------+-----+--------+
         Total |  24231 |  23460 |    771 |   1415 |  17533 |  19 | 1275.3 |
       Dungeon |  12669 |  12165 |    504 |    816 |   8991 |   8 | 1583.6 |
        Temple |    274 |    238 |     36 |      0 |    236 |   1 |  274.0 |
          Lair |   8575 |   8344 |    231 |    337 |   6767 |   6 | 1429.2 |
         Sewer |    267 |    267 |      0 |      0 |    185 |   1 |  267.0 |
       Ossuary |    225 |    225 |      0 |      0 |    134 |   1 |  225.0 |
        Bailey |   1415 |   1415 |      0 |    166 |    739 |   1 | 1415.0 |
      Gauntlet |    803 |    803 |      0 |     95 |    479 |   1 |  803.0 |
               +--------+--------+--------+--------+--------+-----+--------+

Top non-repeatable levels by time:
     D:3: 4030 daAuts
  Lair:4: 2185 daAuts
     D:2: 2106 daAuts
  Lair:5: 1771 daAuts
  Lair:2: 1603 daAuts
     D:7: 1454 daAuts
  Bailey: 1415 daAuts
     D:8: 1291 daAuts
  Lair:1: 1225 daAuts
     D:5: 1209 daAuts
  Lair:3: 984 daAuts
     D:1: 983 daAuts
     D:4: 927 daAuts
  Lair:6: 805 daAuts
Gauntlet: 803 daAuts
